 Dungeon Crawl Stone Soup version 0.18.1-8-gdd0e5ea (webtiles) character file.

5138 KrisztiCat the Thaumaturge (level 10, -4/58 HPs)
             Began as a Gargoyle Earth Elementalist on June 11, 2016.
             Was a Follower of Vehumet.
             Slain by fufumann's ghost (17 damage)
             ... on level 1 of the Lair of Beasts on June 12, 2016.
             The game lasted 01:43:05 (8600 turns).

KrisztiCat the Thaumaturge (GrEE)                   Turns: 8600, Time: 01:43:06

Health: -4/58      AC: 13    Str: 20    XL:     10   Next: 58%
Magic:  10/22      EV:  7    Int: 19    God:    Vehumet [*.....]
Gold:   380        SH:  0    Dex: 10    Spells: 4 memorised, 12 levels left

rFire  + + +     SeeInvis .     i - +1 whip (elec)
rCold  + . .     Gourm    .     E - +1 robe of Qiusse {rElec rF++ rC+ Str+3}
rNeg   + . .     Faith    .     (no shield)
rPois  ∞         Spirit   .     (no helmet)
rElec  +         Dismiss  .     A - +0 cloak
rCorr  .         Reflect  .     m - +1 pair of gloves
SustAt .         Harm     .     (no boots)
MR     .....                    (no amulet)
Stlth  ++........               (no ring)
                                y - ring of protection from fire

@: mighty, not resistant to hostile enchantments, unstealthy
A: negative energy resistance 1, electricity resistance, unbreathing,
petrification resistance, rot immunity, AC +7
a: Renounce Religion


You were on level 1 of the Lair of Beasts.
You worshipped Vehumet.
Vehumet was aware of your devotion.
You were not hungry.

You visited 3 branches of the dungeon, and saw 12 of its levels.

You collected 476 gold pieces.
You spent 96 gold pieces at shops.

Inventory:

Hand Weapons
 i - a +1 whip of electrocution (weapon)
 l - a +4 mace
 u - a +2 flail of pain
 w - a +1 mace of protection
Missiles
 b - 203 stones (quivered)
Armour
 k - a +0 shield
 m - a +1 pair of gloves (worn)
 q - a storm dragon hide
 A - a +0 cloak (worn)
 E - the +1 robe of Qiusse (worn) {rElec rF++ rC+ Str+3}
   (You found it on level 6 of the Dungeon)

   It affects your strength (+3).
   It greatly protects you from fire.
   It protects you from cold.
   It insulates you from electricity.
Jewellery
 y - a ring of protection from fire (left hand)
Wands
 a - a wand of polymorph (3/24)
 z - a wand of enslavement (13/24)
 B - a wand of hasting (3/9)
 C - a wand of flame (15/48)
 H - a wand of random effects (14/48)
 L - a wand of iceblast (11/15)
Scrolls
 h - 4 scrolls of amnesia
 x - a scroll of magic mapping
 G - a scroll of fog
 I - a scroll of remove curse
 K - a scroll of identify
Potions
 e - a potion of mutation
 j - a potion of resistance {unknown}
 n - a potion of cure mutation
 o - 3 potions of curing
 r - 2 potions of cancellation
 D - 2 potions of flight
Books
 c - a book of Geomancy

   Spells                             Type                      Level
   a - Sandblast                      Earth                        1
   b - Passwall                       Transmutation/Earth          2
   c - Stone Arrow                    Conjuration/Earth            3
   d - Petrify                        Transmutation/Earth          4
   e - Lee's Rapid Deconstruction     Earth                        5
 f - a book of Frost

   Spells                             Type                      Level
   a - Freeze                         Ice                          1
   b - Throw Frost                    Conjuration/Ice              2
   c - Ozocubu's Armour               Charms/Ice                   3
   d - Throw Icicle                   Conjuration/Ice              4
   e - Summon Ice Beast               Ice/Summoning                4
 t - a book of Fire

   Spells                             Type                      Level
   a - Ignite Poison                  Fire/Transmutation/Poison    3
   b - Fireball                       Conjuration/Fire             5
   c - Bolt of Fire                   Conjuration/Fire             6
   d - Delayed Fireball               Conjuration/Fire             7
   e - Ring of Flames                 Charms/Fire                  7
 J - a book of Misfortune

   Spells                             Type                      Level
   a - Confusing Touch                Hexes                        2
   b - Confuse                        Hexes                        3
   c - Gell's Gravitas                Hexes/Translocation          3
   d - Petrify                        Transmutation/Earth          4
   e - Metabolic Englaciation         Hexes/Ice                    5
   f - Yara's Violent Unravelling     Hexes/Transmutation          5
Comestibles
 d - 5 bread rations
 g - 3 beef jerkies
 p - 5 chunks of flesh
 v - 6 fruits


   Skills:
 + Level 4.3 Fighting
 + Level 3.6 Maces & Flails
 + Level 4.5 Armour
 + Level 3.3 Dodging
 - Level 2.1 Stealth
 * Level 8.7 Spellcasting
 + Level 4.4 Conjurations
   Level 0.7 Transmutations
 + Level 3.8 Fire Magic
 + Level 8.2 Earth Magic
 + Level 3.1 Evocations


You had 12 spell levels left.
You knew the following spells:

 Your Spells              Type           Power        Failure   Level  Hunger
a - Sandblast             Erth           #####.       1%          1    None
b - Stone Arrow           Conj/Erth      ####..       1%          3    None
c - Lee's Rapid Deconstr  Erth           #####.....   12%         5    #####..
d - Fireball              Conj/Fire      ###.......   50%         5    #####..


Dungeon Overview and Level Annotations

Branches:
Dungeon (9/15)             Temple (1/1) D:7            Lair (2/8) D:8
    Orc: D:9-12

Altars:
Ashenzari
Cheibriados
Dithmenos
Elyvilon
Fedhas
Gozag
Kikubaaqudgha
Makhleb
Nemelex Xobeh
Okawaru
Pakellas
Qazlal
Ru
Sif Muna
Trog
Vehumet
Xom
Yredelemnul
Zin
The Shining One

Shops:
D:5 *   D:8 (

Annotations:
Lair:1 fufumann's ghost, journeyman GrBe


Innate Abilities, Weirdness & Mutations

You are resistant to torment.
Your stone body is resilient (AC +7).
You are immune to poison.
You resist negative energy.
You are resistant to electric shocks.
You can survive without breathing.
You are immune to petrification.
You are immune to rotting.


Message History

You completely miss fufumann's ghost.
Fufumann's ghost is lightly damaged.
Fufumann's ghost hits you but does no damage.
You hit fufumann's ghost.
Fufumann's ghost is lightly damaged.
Fufumann's ghost hits you but does no damage.
You hit fufumann's ghost.
Fufumann's ghost is lightly damaged.
You barely miss fufumann's ghost.
Fufumann's ghost is lightly damaged.
Fufumann's ghost hits you!!
* * * LOW HITPOINT WARNING * * *
Drink which item? (? for menu, Esc to quit)
Okay, then.
Read which item? (? for menu, Esc to quit)
Okay, then.
Fufumann's ghost screams, "Zot is a myth, the ORB is a fable, you'll soon be a tale!"
There is a stone staircase leading down here.
Fufumann's ghost hits you!
You die...

##....## ##...÷..P##
#..#
#......#####..÷....#
#..#
##.......###..##...#
...#
#......÷.#..#####..#
#..# #.......÷÷...#
#... ...P
####..#.........###
.###
......###...#.....# .#
.............#....##.#
####..P#...###.W@....##
.###..####..###.......#
.#.#..# #...##......[#
......# #...##...##...#
...##..# ##..)....#
.#.. #.####..#
#..##...# # . .##
#..##.#####.# .# #..###
## ## #.#


You could see fufumann's ghost.

Vanquished Creatures
  Pikel (D:6)
  Maurice (D:7)
  A spiny frog (Lair:1)
  Grinder (D:5)
  3 porcupines
  2 hell hounds (D:8)
  4 ice beasts
  2 slaves (D:6)
  An orc warrior (D:7)
  2 phantoms
  4 ogres
  3 wolves (Lair:1)
  2 centaurs
  4 giant frogs
  A water moccasin skeleton (D:6)
  A scorpion (D:8)
  4 killer bees (D:7)
  A howler monkey (D:4)
  A giant frog zombie (D:7)
  6 crimson imps
  A wasp zombie (D:5)
  3 hounds
  3 jellies
  A giant frog skeleton (D:7)
  A centaur skeleton (D:5)
  2 orc priests
  Terence (D:2)
  7 orc wizards
  Natasha (twice) (D:2)
  2 iguanas
  8 worker ants
  A hound skeleton (D:7)
  7 adders
  12 river rats
  A shadow imp (D:7)
  2 adder zombies
  2 adder skeletons
  4 worms
  5 dart slugs
  A giant gecko (D:1)
  15 orcs
  9 giant cockroaches
  7 hobgoblins
  4 jackals
  5 quokkas
  3 ball pythons
  7 bats
  4 giant newts
  7 goblins
  13 kobolds
  12 rats
197 creatures vanquished.

Vanquished Creatures (others)
  A slave (D:6)
  A scorpion (D:6)
  An adder (D:6)
  A fungus (Lair:1)
4 creatures vanquished.

Grand Total: 201 creatures vanquished

Notes
Turn   | Place    | Note
--------------------------------------------------------------
     0 | D:1      | KrisztiCat the Gargoyle Earth Elementalist began the quest for the Orb.
     0 | D:1      | Reached XP level 1. HP: 10/10 MP: 3/3
   179 | D:1      | Reached XP level 2. HP: 14/15 MP: 1/5
   765 | D:1      | Reached XP level 3. HP: 17/19 MP: 1/7
  1094 | D:2      | Found a sacrificial altar of Ru.
  1212 | D:2      | Noticed Natasha
  1216 | D:2      | Killed Natasha
  1216 | D:2      | Reached XP level 4. HP: 13/24 MP: 5/9
  1361 | D:2      | Noticed Terence
  1401 | D:2      | Killed Terence
  1439 | D:2      | Noticed Natasha
  1447 | D:2      | Killed Natasha
  1447 | D:2      | Reached XP level 5. HP: 15/28 MP: 3/11
  1781 | D:3      | Reached skill level 5 in Earth Magic
  2724 | D:4      | Reached XP level 6. HP: 13/32 MP: 7/13
  2757 | D:5      | Entered Level 5 of the Dungeon
  2793 | D:4      | Reached skill level 5 in Spellcasting
  2814 | D:4      | Found a blossoming altar of Fedhas.
  3220 | D:4      | Found a basalt altar of Yredelemnul.
  3361 | D:5      | Learned a level 3 spell: Stone Arrow
  3365 | D:5      | Noticed Grinder
  3421 | D:5      | Reached XP level 7. HP: 32/36 MP: 1/15
  3948 | D:5      | Paralysed by Grinder for 3 turns
  3972 | D:5      | Paralysed by Grinder for 3 turns
  3979 | D:5      | Killed Grinder
  3979 | D:5      | Reached XP level 8. HP: 22/41 MP: 7/18
  4067 | D:5      | Found Vyiwamume's General Store.
  4070 | D:5      | Bought a potion of heal wounds for 60 gold pieces
  4070 | D:5      | Bought a potion of curing for 36 gold pieces
  4076 | D:5      | Learned a level 5 spell: Fireball
  4082 | D:5      | Learned a level 5 spell: Lee's Rapid Deconstruction
  4501 | D:6      | Reached skill level 1 in Maces & Flails
  4516 | D:6      | Reached skill level 1 in Fighting
  4521 | D:6      | Found a stormy altar of Qazlal.
  4562 | D:6      | Got a bloodstained robe
  4573 | D:6      | Identified the cursed +1 robe of Qiusse {rElec rF++ rC+ Str+3} (You found it on level 6 of the Dungeon)
  4727 | D:6      | Reached skill level 1 in Conjurations
  4727 | D:6      | Reached skill level 1 in Fire Magic
  4795 | D:6      | Reached skill level 1 in Armour
  4820 | D:6      | Reached skill level 1 in Evocations
  5171 | D:6      | Reached XP level 9. HP: 47/48 MP: 13/20
  5403 | D:6      | Noticed Pikel
  5481 | D:6      | Killed Pikel
  5696 | D:8      | Found a staircase to the Lair.
  5907 | D:8      | Noticed Maurice
  6174 | D:7      | Found a shadowy altar of Dithmenos.
  6202 | D:7      | Killed Maurice
  6872 | D:7      | Found a staircase to the Ecumenical Temple.
  6880 | Temple   | Entered the Ecumenical Temple
  7104 | Temple   | Became a worshipper of Vehumet
  7195 | D:8      | Reached XP level 10. HP: 49/56 MP: 12/22
  7780 | D:8      | Found Umahuxan's Weapon Shop.
  7904 | D:8      | Found a deep blue altar of Sif Muna.
  8037 | Lair:1   | Entered Level 1 of the Lair of Beasts
  8105 | Lair:2   | Noticed a spiny frog
  8232 | Lair:1   | Reached * piety under Vehumet
  8232 | Lair:1   | Offered knowledge of Sting by Vehumet.
  8237 | Lair:1   | Noticed a spiny frog
  8243 | Lair:1   | Killed a spiny frog
  8548 | Lair:1   | Noticed fufumann's ghost (journeyman GrBe)
  8600 | Lair:1   | Slain by fufumann's ghost

Skill      XL: |  1  2  3  4  5  6  7  8  9 10 |
---------------+-------------------------------+-----
Earth Magic    | 4 5 6 7 8 |  8.2
Spellcasting   | 3 4 5 6 7 8 |  8.7
Maces & Flails | 1 3 |  3.6
Fighting       | 2 3 4 |  4.3
Conjurations   | 2 3 4 |  4.4
Fire Magic     | 2 3 |  3.8
Armour         | 1 3 4 |  4.5
Evocations     | 1 2 3 |  3.1
Dodging        | 2 3 |  3.3
Stealth        | |  2.1
Transmutations | |  0.7

Action                   |  1- 3 |  4- 6 |  7- 9 | 10-12 || total
-------------------------+-------+-------+-------+-------++-------
Melee: Mace              |    17 |    95 |   206 |       ||   318
       Whip              |     2 |       |       |    37 ||    39
       Short sword       |       |     4 |       |       ||     4
       Unarmed           |       |       |     3 |       ||     3
 Cast: Sandblast         |    65 |   137 |    81 |    35 ||   318
       Stone Arrow       |       |       |    95 |    40 ||   135
       Lee's Rapid Decon |       |       |     2 |     2 ||     4
  Use: Potion            |       |     3 |     3 |     2 ||     8
       Scroll            |       |    14 |     5 |     4 ||    23
  Eat: Chunk             |     1 |     7 |     6 |     2 ||    16
       Meat ration       |       |       |     2 |       ||     2
       Fruit             |       |       |     1 |       ||     1
Armor: Robe              |    20 |    76 |   144 |    30 ||   270
Dodge: Dodged            |    35 |   118 |   206 |    46 ||   405
